Map: Deathaura LE

Players

LiquidClem (Clem)

  • Race: Terran Terran
  • Spawn Location: 5:00

maru - Winner!

  • Race: Terran Terran
  • Spawn Location: 11:00

Event: ASUS ROG Online 2020

VOD

Have the link to the VOD?

Description

Time

  • Played on: Nov. 28, 2020, 11:46 a.m.
  • Length: 19:49

All games in this series

Show
View Real Time Build Order
Export as new Build Order

LiquidClem Terran 

Build Orders: Gas First Reaper Expand 

Get SALT Encoding   

  12  0:00  SCV  
  13  0:13  SCV  
  14  0:17  Supply Depot  
  14  0:25  SCV  
  15  0:28  Refinery  
  15  0:38  SCV  
  16  0:47  Barracks  
  16  0:51  SCV  
  17  1:03  SCV  
  18  1:15  SCV  
  19  1:34  Orbital Command  
  19  1:35  Reaper  
  20  1:52  Command Center  
  20  1:57  Factory  
  21  2:01  SCV  
  21  2:09  Barracks Reactor  
  21  2:12  Supply Depot  
  21  2:15  SCV  
  22  2:22  Refinery  
  22  2:27  SCV  
  23  2:39  SCV  
  23  2:41  Hellion  
  26  2:45  Marine x2  
  26  2:47  Starport  
  28  2:51  SCV  
  29  3:05  SCV  
  30  3:06  Orbital Command  
  30  3:09  Hellion  
  31  3:14  Hellion  
  31  3:17  Marine  
  31  3:18  SCV  
  35  3:28  Medivac  
  35  3:34  Supply Depot, Hellion  
  39  3:35  Marine  
  39  3:40  Hellion  
  42  3:44  SCV x2  
  44  3:50  Supply Depot  
  44  3:56  SCV x2  
  44  3:59  Starport Tech Lab  
  46  4:04  Marine x2  
  46  4:06  Factory Tech Lab  
  46  4:08  SCV  
  49  4:10  SCV  
  49  4:12  Supply Depot  
  50  4:18  Raven  
  50  4:21  SCV  
  50  4:22  Marine x2  
  55  4:25  Cyclone  
  55  4:28  Supply Depot, SCV  
  59  4:33  SCV  
  57  4:40  Marine x2  
  57  4:41  SCV  
  60  4:48  SCV  
  55  4:53  SCV  
  55  4:57  Command Center  
  55  4:58  Siege Tank  
  57  5:01  SCV  
  57  5:05  SCV  
  59  5:09  Supply Depot  
  59  5:10  Refinery  
  59  5:13  Marine  
  60  5:14  Viking x2  
  60  5:15  SCV  
  60  5:18  SCV  
  66  5:23  Refinery  
  66  5:26  Stimpack  
  66  5:27  SCV  
  67  5:31  SCV  
  68  5:39  Marine  
  68  5:40  Supply Depot, Siege Tank, SCV  
  73  5:44  SCV  
  74  5:50  Viking  
  74  5:52  SCV  
  74  5:56  Supply Depot, SCV, Viking  
  80  5:57  Marine  
  80  6:04  SCV  
  82  6:06  Barracks  
  82  6:08  Barracks, SCV  
  83  6:12  Siege Tank  
  83  6:16  SCV, Marine  
  83  6:17  Supply Depot  
  88  6:20  SCV, Viking  
  91  6:26  Viking  
  91  6:31  Orbital Command  
  93  6:34  Marine  
  93  6:35  SCV x2  
  96  6:45  Siege Tank  
  99  6:47  SCV  
  99  6:51  Supply Depot  
  99  6:52  Marine, Viking  
  103  6:54  SCV  
  103  6:56  Viking  
  103  6:59  SCV  
  103  7:00  SCV  
  109  7:13  Barracks  
  109  7:14  Barracks Reactor x2, Marine  
  109  7:15  Barracks  
  108  7:17  SCV  
  108  7:18  Siege Tank  
  108  7:21  Engineering Bay  
  108  7:22  Engineering Bay  
  112  7:24  Liberator  
  113  7:35  Marine  
  109  7:37  Liberator  
  109  7:38  SCV x2  
  109  7:39  SCV  
  114  7:51  Refinery x2  
  113  7:53  Terran Infantry Weapons Level 1, Marine  
  113  7:54  Terran Infantry Armor Level 1, Marine  
  113  7:55  SCV x2  
  113  7:56  SCV  
  113  7:57  Marine  
  117  8:05  Marine  
  118  8:06  Barracks Reactor x2, Marine  
  118  8:07  SCV x2  
  118  8:11  SCV  
  122  8:13  Command Center  
  122  8:15  Supply Depot, Marine  
  122  8:17  Siege Tank, Marine  
  122  8:18  Marine  
  122  8:19  SCV  
  129  8:20  SCV  
  129  8:25  Marine  
  129  8:29  Supply Depot, Marine  
  129  8:31  Medivac  
  129  8:33  Marine  
  133  8:37  Medivac  
  133  8:38  Supply Depot  
  135  8:42  Marine  
  135  8:43  Marine x4  
  135  8:44  Marine  
  141  8:51  Marine x3  
  140  8:56  Siege Tank  
  140  8:57  Supply Depot  
  140  8:58  Supply Depot  
  140  9:00  Marine x3  
  140  9:01  Marine x2  
  132  9:02  Marine  
  132  9:08  Marine  
  132  9:09  Marine  
  134  9:13  Medivac x2  
  134  9:14  Marine  
  134  9:17  Combat Shield  
  131  9:18  Marine x2  
  131  9:19  Factory  
  131  9:21  Armory  
  133  9:28  Siege Tank  
  133  9:29  SCV  
  133  9:30  Sensor Tower, SCV  
  138  9:32  Marine  
  138  9:33  Marine x5  
  144  9:43  Medivac x2, Marine x3  
  151  9:50  Marine x3  
  151  9:51  Marine  
  151  9:52  SCV x2  
  157  9:55  Marine  
  157  9:56  SCV, Marine  
  160  10:00  Siege Tank  
  163  10:07  Marine  
  163  10:10  Marine  
  155  10:14  Marine x2  
  155  10:20  Marine x2  
  155  10:21  Marine x2  
  131  10:25  Marine  
  131  10:26  Medivac  
  131  10:27  Medivac  
  131  10:28  Marine  
  135  10:30  Planetary Fortress  
  135  10:32  Siege Tank, Marine x2  
  139  10:36  SCV  
  139  10:37  Terran Infantry Weapons Level 2, Refinery x2, SCV x2, Starport x2  
  139  10:41  Marine x4  
  146  10:45  Barracks Reactor, Siege Tank, Marine  
  146  10:46  Missile Turret, Marine  
  146  10:49  SCV  
  152  10:50  Marine  
  152  10:52  Terran Infantry Armor Level 2  
  152  10:55  Marine  
  154  10:57  SCV  
  154  10:59  Marine  
  156  11:04  Viking x2  
  156  11:09  SCV  
  161  11:11  Command Center  
  161  11:13  Siege Tank  
  161  11:15  Terran Vehicle Weapons Level 1  
  161  11:16  Supply Depot  
  164  11:20  Siege Tank  
  164  11:24  Supply Depot, SCV, Marine x2  
  164  11:25  Marine  
  171  11:26  Marine x2  
  171  11:28  Viking  
  171  11:30  Viking  
  177  11:34  Viking  
  177  11:37  SCV x3  
  177  11:39  Sensor Tower  
  182  11:46  Viking  
  184  11:52  Command Center, SCV x2  
  184  11:57  Siege Tank x2  
  184  11:58  Viking  
  184  12:00  Viking  
  194  12:03  SCV  
  194  12:04  Armory  
  195  12:10  Viking  
  197  12:16  Viking  
  197  12:18  Command Center, Fusion Core  
  197  12:31  Viking x2  
  199  12:50  Starport  
  197  12:51  Command Center  
  197  12:53  Command Center  
  197  12:56  Siege Tank  
  199  13:04  Missile Turret, Starport Reactor x2  
  199  13:07  Missile Turret  
  199  13:09  Viking  
  199  13:12  Viking  
  199  13:19  Orbital Command  
  199  13:29  Starport Reactor, Terran Vehicle Weapons Level 2  
  199  13:31  Terran Vehicle And Ship Armor Level 1  
  199  13:32  Advanced Ballistics  
  199  13:37  Refinery x2  
  199  13:39  Viking  
  193  13:42  Viking  
  193  13:43  Viking x2  
  193  13:47  Marine  
  200  13:53  Viking  
  198  14:00  Viking  
  193  14:09  Siege Tank, Viking  
  193  14:10  Orbital Command  
  193  14:11  Orbital Command  
  193  14:12  Viking  
  193  14:17  Siege Tank  
  188  14:18  Viking  
  188  14:20  Viking  
  188  14:22  SCV x2  
  189  14:26  Viking x2  
  189  14:30  Planetary Fortress  
  191  14:33  Sensor Tower  
  191  14:35  SCV x3  
  190  14:38  Viking  
  190  14:39  Viking x2  
  190  14:41  Siege Tank  
  190  14:43  SCV, Viking  
  200  15:00  Rapid Reignition System  
  200  15:06  Command Center  
  200  15:19  Viking  
  200  15:20  Viking  
  198  15:28  Command Center  
  198  15:32  Command Center  
  198  15:55  Viking  
  196  16:10  Liberator x2  
  193  16:11  Viking x2  
  193  16:12  Viking  
  199  16:25  Viking  
  199  16:31  Missile Turret  
  199  16:36  Terran Infantry Weapons Level 3, Terran Infantry Armor Level 3  
  199  16:37  Terran Vehicle Weapons Level 3  
  199  16:38  Terran Vehicle And Ship Armor Level 2  
  199  16:42  Missile Turret x2  
  199  16:44  Refinery  
  199  16:46  Refinery  
  188  16:47  Liberator  
  188  16:48  SCV  
  188  16:49  SCV  
  188  16:51  Siege Tank  
  188  16:52  SCV x4  
  191  16:58  Siege Tank, Marine x2  
  192  17:02  Liberator  
  192  17:03  Liberator  
  192  17:05  Orbital Command  
  192  17:07  Planetary Fortress  
  189  17:09  SCV x2  
  189  17:10  Liberator x3  
  197  17:20  Liberator  
  196  17:30  Planetary Fortress, Siege Tank  
  196  17:35  Marine x6  
  196  17:36  Viking  
  191  17:37  SCV x2  
  191  17:38  SCV, Viking  
  191  17:42  SCV x2  
  184  17:47  Missile Turret  
  184  17:49  Missile Turret  
  184  17:50  Viking  
  186  17:51  SCV  
  186  17:53  SCV  
  188  18:00  SCV  
  188  18:02  Viking x2  
  188  18:04  Siege Tank  
  191  18:07  Siege Tank  
  191  18:09  SCV  
  191  18:10  SCV  
  191  18:11  SCV  
  196  18:16  SCV  
  197  18:20  Viking  
  197  18:23  Sensor Tower  
  199  18:29  Marine  
  198  18:34  Marine x2  
  200  18:44  Liberator  
  200  18:48  Liberator  
  200  18:52  Marine x2  
  199  19:01  Missile Turret  
  196  19:03  Missile Turret  
  196  19:04  Siege Tank  
  196  19:05  Marine, Viking  
  196  19:07  Siege Tank, Marine  
  196  19:08  Marine x6  
  197  19:10  Marine x2  
  168  19:23  Marine  
  152  19:25  Marine x2  
  152  19:26  Marine x5  
  152  19:28  Marine x2  
Show
View Real Time Build Order
Export as new Build Order

maru Terran - Winner!

Build Orders:  

Get SALT Encoding   

  12  0:00  SCV  
  13  0:12  SCV  
  14  0:17  Supply Depot  
  14  0:24  SCV  
  15  0:38  SCV  
  15  0:39  Barracks  
  16  0:44  Refinery  
  16  0:50  SCV  
  16  0:54  Refinery  
  17  1:03  SCV  
  18  1:15  SCV  
  19  1:27  Orbital Command  
  19  1:28  Supply Depot  
  19  1:31  Reaper  
  20  1:44  Factory  
  20  1:54  SCV  
  21  2:03  Reaper  
  21  2:06  SCV  
  23  2:18  SCV  
  23  2:20  Command Center  
  24  2:29  Hellion  
  26  2:30  SCV  
  27  2:40  Barracks Reactor  
  27  2:42  SCV  
  27  2:43  Supply Depot  
  28  2:49  Starport  
  28  2:51  Widow Mine  
  28  2:55  SCV  
  31  3:07  SCV  
  32  3:16  Factory Tech Lab  
  32  3:18  Marine x2  
  32  3:19  SCV  
  34  3:27  Starport Tech Lab  
  34  3:31  SCV  
  34  3:33  Orbital Command  
  35  3:34  Refinery  
  35  3:37  Cyclone  
  35  3:39  Marine  
  35  3:40  Marine  
  40  3:43  SCV  
  40  3:50  Raven  
  43  3:55  SCV  
  43  3:59  SCV  
  43  4:00  Marine x2  
  46  4:06  Supply Depot  
  46  4:09  Siege Tank  
  49  4:14  SCV x2  
  51  4:21  Marine x2  
  53  4:27  Command Center  
  53  4:29  SCV x2  
  52  4:39  Marine x2  
  52  4:41  SCV x2  
  50  4:49  Siege Tank  
  46  4:53  SCV x2  
  46  4:57  Raven  
  50  5:05  SCV  
  51  5:08  SCV  
  51  5:10  Marine x2  
  54  5:18  SCV  
  54  5:20  SCV  
  54  5:21  Siege Tank  
  59  5:23  Refinery  
  59  5:30  SCV  
  59  5:31  Supply Depot  
  59  5:33  SCV  
  61  5:36  Marine  
  62  5:48  Raven, Marine  
  62  5:49  Orbital Command, SCV x2  
  67  5:53  Siege Tank  
  67  5:56  Supply Depot  
  70  6:01  SCV x2  
  72  6:05  Marine  
  72  6:06  Marine  
  74  6:13  SCV x2  
  74  6:17  Barracks, SCV  
  74  6:18  Barracks  
  77  6:25  SCV  
  78  6:27  Siege Tank  
  78  6:29  Orbital Command, SCV  
  78  6:32  Supply Depot  
  82  6:37  SCV  
  82  6:41  SCV  
  81  6:48  Viking x2, Marine  
  81  6:49  SCV  
  81  6:53  SCV  
  88  6:56  SCV  
  87  7:01  SCV  
  87  7:03  Siege Tank  
  87  7:05  SCV  
  87  7:06  Barracks Reactor, Marine  
  87  7:07  Barracks Reactor, Engineering Bay  
  87  7:08  Engineering Bay, SCV  
  92  7:13  SCV  
  94  7:17  SCV  
  94  7:20  SCV  
  96  7:22  Supply Depot  
  96  7:23  Viking, Marine  
  96  7:24  Supply Depot  
  96  7:25  Viking  
  101  7:31  SCV x2  
  101  7:34  SCV  
  99  7:41  Marine  
  99  7:43  SCV x2  
  99  7:46  SCV  
  97  7:55  Viking x2  
  97  7:56  SCV x2  
  97  7:58  SCV  
  104  7:59  Marine  
  104  8:04  Marine  
  106  8:06  Marine  
  106  8:07  Marine x2  
  106  8:08  SCV x2  
  106  8:10  SCV  
  106  8:12  Terran Infantry Armor Level 1, Terran Infantry Weapons Level 1  
  109  8:17  Marine  
  110  8:20  SCV x2  
  110  8:22  Marine  
  110  8:24  Marine x3  
  110  8:25  Combat Shield, Siege Tank  
  117  8:29  Supply Depot  
  117  8:30  Supply Depot  
  117  8:31  Supply Depot  
  117  8:43  Supply Depot  
  117  8:44  SCV x2  
  111  8:57  Marine x5  
  111  8:58  Siege Tank  
  111  9:00  SCV x2  
  111  9:02  Medivac  
  115  9:03  SCV  
  114  9:10  Medivac  
  114  9:12  SCV  
  114  9:13  SCV  
  114  9:14  Marine  
  114  9:15  SCV, Refinery, Marine x3  
  114  9:16  Refinery  
  119  9:18  Refinery  
  119  9:23  Command Center  
  119  9:25  SCV x2  
  119  9:27  Marine  
  119  9:28  SCV  
  123  9:32  Viking  
  123  9:35  Siege Tank  
  123  9:37  SCV x2  
  130  9:40  SCV, Viking  
  130  9:41  Armory  
  130  9:44  Stimpack  
  133  9:49  SCV, Marine x2  
  133  9:51  Marine x2  
  138  9:53  Sensor Tower  
  138  10:01  Marine  
  138  10:06  Barracks  
  131  10:07  Marine x2  
  131  10:09  Siege Tank, Marine x2  
  131  10:10  Barracks  
  132  10:19  Marine  
  129  10:22  Viking x2  
  129  10:25  Marine x2  
  129  10:27  SCV, Marine x2  
  132  10:36  Marine  
  132  10:37  SCV x2  
  135  10:42  Marine  
  135  10:43  Marine  
  135  10:44  Marine  
  135  10:45  Marine  
  135  10:46  Siege Tank  
  142  10:51  Terran Infantry Armor Level 2, Terran Infantry Weapons Level 2, Factory  
  142  10:53  Sensor Tower  
  142  10:54  SCV x3  
  142  10:56  Refinery, Marine  
  146  10:58  Refinery  
  146  11:00  Barracks Reactor, Marine  
  146  11:01  Barracks Reactor  
  147  11:06  Planetary Fortress  
  147  11:09  Missile Turret  
  147  11:11  Marine x3  
  147  11:12  Supply Depot  
  151  11:21  Marine  
  152  11:26  Terran Vehicle Weapons Level 1, Starport  
  152  11:27  Starport  
  152  11:29  Marine  
  152  11:34  Viking x2  
  152  11:37  Barracks Reactor  
  152  11:38  Command Center  
  156  11:41  Marine  
  156  11:42  Marine x2  
  156  11:43  Siege Tank  
  160  11:57  Marine  
  161  12:04  Starport Tech Lab, Viking x2  
  161  12:06  Starport Tech Lab  
  165  12:13  Siege Tank, Marine x4  
  165  12:14  Marine  
  172  12:19  Supply Depot  
  172  12:21  Supply Depot  
  172  12:23  Supply Depot  
  172  12:28  Raven  
  171  12:33  Command Center, Marine  
  172  12:38  Supply Depot  
  172  12:40  Raven, Armory, Marine x5  
  172  12:42  Siege Tank  
  182  12:44  Viking x2  
  185  12:55  Marine  
  180  13:00  Orbital Command  
  180  13:01  Missile Turret  
  180  13:04  Missile Turret  
  180  13:07  Missile Turret  
  180  13:11  Viking  
  178  13:14  Viking  
  178  13:15  Corvid Reactor  
  178  13:17  Starport  
  180  13:20  Command Center  
  180  13:23  Raven  
  180  13:24  Command Center  
  180  13:25  Viking  
  177  13:41  Raven  
  177  13:44  Viking  
  180  13:54  Viking  
  180  13:55  Viking, Marine x6  
  188  14:02  Terran Infantry Weapons Level 3, Terran Infantry Armor Level 3  
  186  14:06  Viking  
  186  14:07  Marine  
  186  14:08  Marine x3  
  192  14:13  Marine x2  
  192  14:14  Viking  
  185  14:24  Viking x2  
  185  14:27  Terran Vehicle And Ship Armor Level 1  
  185  14:28  Marine  
  183  14:36  Raven  
  185  14:38  Siege Tank x2  
  190  14:54  Raven  
  190  14:56  Orbital Command x3  
  197  15:03  Liberator x2  
  199  15:11  Starport Tech Lab  
  197  15:20  Raven  
  193  15:25  Marine x7  
  193  15:26  Marine x2  
  200  15:31  Sensor Tower  
  200  15:46  Missile Turret  
  200  15:48  Terran Vehicle Weapons Level 2  
  200  16:02  Orbital Command  
  200  16:09  Raven  
  200  16:28  Terran Vehicle And Ship Armor Level 2, Starport  
  200  16:32  Sensor Tower  
  200  16:36  Refinery  
  200  16:37  Command Center  
  200  16:38  Refinery  
  200  16:39  Neosteel Armor, Hi-Sec Auto Tracking  
  200  16:44  Siege Tank x2  
  195  16:49  Raven x2  
  199  16:56  Missile Turret, Marine  
  199  17:01  Marine, Raven, Viking  
  197  17:02  Marine  
  200  17:09  Command Center  
  200  17:11  Missile Turret  
  200  17:12  Missile Turret  
  156  17:37  Marine x4  
  156  17:38  Marine x6  
  156  17:40  Siege Tank x2  
  160  17:47  Medivac x2  
  160  17:48  Raven  
  160  17:49  Raven x2  
  160  17:50  Medivac  
  168  17:52  Missile Turret  
  168  17:55  Marine x10  
  178  17:58  Missile Turret  
  178  18:00  Planetary Fortress  
  178  18:03  Orbital Command  
  178  18:07  Missile Turret  
  178  18:12  Siege Tank x2  
  181  18:13  Marine x10  
  181  18:18  Missile Turret x2  
  186  18:31  Marine x6  
  188  18:44  Siege Tank x2  
  188  18:46  Raven x2  
  188  18:47  Marine x4  
  198  18:53  Marine  
  185  19:15  Marine x2  
  185  19:16  Siege Tank  
  190  19:20  Marine x4  
  196  19:26  Marine  
Tags
 
Add a new tag
Caveats
  • Supply blocks, unpowered buildings, or Contaminate may cause inaccurate times.
  • Supply counts are checked every 10 seconds.